 Dungeon Crawl Stone Soup version 0.27.1-2-g3b301248ec (webtiles) character file.

Game seed: 14212444452743564945

16426 Borgoz the Fighter (level 12, -8/80 HPs)
             Began as a Gargoyle Berserker on Sept 27, 2021.
             Was a High Priest of Trog.
             Mangled by an Executioner (10 damage)
             ... on level 2 of the Abyss.
             The game lasted 00:18:44 (10894 turns).

Borgoz the Fighter (Gargoyle Berserker)            Turns: 10894, Time: 00:18:44

Health: -8/80      AC: 29    Str: 25    XL:     12   Next: 37%
Magic:  21/21      EV: 11    Int:  8    God:    Trog [*****.]
Gold:   686        SH:  0    Dex: 10    Spells: 11/11 levels left

rFire    + . .     SeeInvis .   a - +1 dire flail (drain)
rCold    . . .     Faith    .   (shield currently unavailable)
rNeg     + . .     Spirit   .   m - +0 chain mail
rPois    ∞         Reflect  .   w - +2 hat {Stlth+}
rElec    +         Harm     .   C - +0 cloak
rCorr    .         Rampage  .   r - +1 pair of gloves
Will     ++...                  E - +1 pair of boots
Stlth    ..........             g - amulet of regeneration
HPRegen  2.23/turn              u - ring of protection from fire
MPRegen  0.17/turn              B - ring of the Iron Devil {rElec MP+9 Slay+3}

@: strong-willed, on berserk cooldown, very slightly contaminated, regenerating,
slowed, invisible, very slow
A: sickness immunity, AC +8, negative energy resistance 1, electricity
resistance, torment resistance 1, petrification resistance
a: Renounce Religion, Berserk, Trog's Hand, Brothers in Arms


You were on level 2 of the Abyss.
You worshipped Trog.
Trog was extremely pleased with you.
You visited 1 branch of the dungeon, and saw 10 of its levels.
You visited the Abyss 1 time.
You also visited: Sewer and Ossuary.

You collected 686 gold pieces.

Inventory:

Hand Weapons
 a - a +1 dire flail of draining (weapon)
 b - a +2 great mace of protection
 z - a +0 demon whip
Missiles
 A - 6 throwing nets (quivered)
Armour
 m - a +0 chain mail (worn)
 r - a +1 pair of gloves (worn)
 w - a +2 hat of stealth (worn)
 C - a +0 cloak (worn)
 E - a +1 pair of boots (worn)
 H - a +0 ring mail of fire resistance
Jewellery
 g - an amulet of regeneration (around neck)
 u - a ring of protection from fire (left hand)
 B - the ring of the Iron Devil (right hand) {rElec MP+9 Slay+3}
   (You found it on level 8 of the Dungeon)

   [ring of magical power]

   Slay:      It affects your accuracy & damage with ranged weapons and melee
   (+3).
   rElec:     It insulates you from electricity.
   MP:        It affects your magic capacity (+9).
 F - an amulet of the acrobat
Wands
 d - a wand of flame (11)
 k - a wand of acid (6)
 o - a wand of digging (6)
Scrolls
 f - 4 scrolls of teleportation
 n - a scroll of holy word
 p - a scroll of enchant armour
 t - a scroll of blinking
 v - a scroll of summoning
 x - 3 scrolls of magic mapping
Potions
 c - 4 potions of haste
 e - 6 potions of curing
 h - 2 potions of might
 i - 3 potions of mutation
 j - 3 potions of degeneration {unknown}
 l - 2 potions of heal wounds
 q - 2 potions of flight
 s - 2 potions of attraction
 y - 3 potions of lignification {unknown}
 D - a potion of ambrosia
 G - a potion of cancellation {unknown}


   Skills:
 + Level 11.3 Fighting
 + Level 10.4 Maces & Flails
 + Level 11.0 Armour
 + Level 8.6 Dodging


You had 11 spell levels left.
You didn't know any spells.
Your spell library was empty.

Dungeon Overview and Level Annotations

Branches:
Dungeon (10/15)            Temple (0/1) D:4            Lair (0/6) D:10
    Orc (0/2) D:9           Sewer (visited)         Ossuary (visited)

Altars:
Ashenzari
Cheibriados
Dithmenos
Kikubaaqudgha
Nemelex Xobeh
Qazlal
Ru
Uskayaw
Xom
Zin
Jiyva

Annotations:
D:10 Sonja


Innate Abilities, Weirdness & Mutations

You are immune to sickness and miasma.
Your stone body is resilient. (AC +8)
You are immune to poison.
You resist negative energy. (rN+)
You are resistant to electric shocks. (rElec)
You are resistant to unholy torment.
You are immune to petrification.


Message History

The apocalypse crab breathes chaos at you.
The blast of chaos engulfs you but does no damage.
The Executioner is engulfed in seething chaos.
The Executioner hits you but does no damage.
The Executioner hits you. The Executioner closely misses you.
Your two-headed ogre is engulfed in seething chaos.
Your two-headed ogre flickers and vanishes for a moment.
You hit the apocalypse crab.
The apocalypse crab is moderately wounded.
You are engulfed in seething chaos.
You fade into invisibility!
You are very lightly contaminated with residual magic.
The Executioner is engulfed in seething chaos.
The Executioner hits you!
The Executioner hits you but does no damage. x2
The Executioner is engulfed in seething chaos.
The Executioner hits you!!
* * * LOW HITPOINT WARNING * * *
The Executioner hits you.
* * * LOW HITPOINT WARNING * * *
The Executioner hits you but does no damage.
The Executioner is engulfed in seething chaos.
The Executioner resists with almost no effort.
The Executioner hits you but does no damage. x2
The Executioner hits you!
* * * LOW HITPOINT WARNING * * *
Your two-headed ogre is engulfed in seething chaos.
The apocalypse crab is engulfed in seething chaos.
The apocalypse crab misses you. The apocalypse crab barely misses you.
Your two-headed ogre is engulfed in seething chaos.
The Executioner is engulfed in seething chaos.
The Executioner resists with almost no effort.
The Executioner hits you but does no damage. x3
You puncture the apocalypse crab!
The apocalypse crab is heavily wounded.
The Executioner hits you.
* * * LOW HITPOINT WARNING * * *
The Executioner hits you but does no damage.
The Executioner hits you!
You die...

. .. .##. ## . # . #
.... . .# # # #.. #
... .## # #. #.
#.###.## ...### ...#
. ...... ###..#.. ##
....##..#.. ##.2#...
#1#...### ....# # #
#@O..###..### ###
......t##.#....>.##..
. ##...## ...# .#....
. ...# .#.#.#.##.# ##
# # .. #.. ....#.# .#
###..#....##.# . #..#
#... # # #...#.#.#..
.# ##.. ....#.###


You could see an Executioner (fast, strong, agile), an apocalypse crab (ally
target) and a friendly two-headed ogre (summoned, berserk, invisible).

Vanquished Creatures
  Harold (D:8)
  Erica (D:8)
  3 two-headed ogres
  The ghost of Manslay the Thaumaturge, a journeyman DsCj of Sif Muna (D:8)
  4 death yaks
  Joseph (D:9)
  An apocalypse crab (Abyss:2)
  A smoke demon (Abyss:2)
  Grinder (D:5)
  2 slime creatures (D:8)
  A shadow (D:9)
  A wyvern (D:8)
  5 yaks (D:9)
  Grum (D:8)
  3 vampire mosquitoes (D:9)
  A steam dragon (D:9)
  Menkaure (D:5)
  Duvessa (D:5)
  A water moccasin (Sewer)
  A hornet zombie (D:7)
  2 orc warriors
  3 necrophages
  3 black bears
  2 ogres (D:6)
  4 wolves (D:8)
  4 centaurs
  A phantom (D:7)
  3 kobold brigands
  An elf zombie (Ossuary)
  3 bullfrogs
  3 scorpions
  A wyvern zombie (D:9)
  Dowan (D:5)
  A wyvern skeleton (D:7)
  2 water moccasin skeletons
  4 killer bees (D:7)
  12 wights
  A howler monkey (D:5)
  A centaur zombie (D:9)
  3 gnoll shamans
  3 hounds
  6 jellies (D:8)
  12 orc priests
  3 centaur skeletons
  Crazy Yiuf (D:5)
  A bullfrog skeleton (D:7)
  Natasha (thrice) (D:4)
  6 orc wizards
  2 killer bee zombies
  2 hound zombies (Ossuary)
  4 mummies (Ossuary)
  A howler monkey zombie (D:7)
  16 gnolls
  9 adders
  A river rat (D:5)
  2 shadow imps (D:8)
  A white imp (D:5)
  2 adder zombies (Ossuary)
  2 worms
  3 dart slugs
  18 orcs
  8 ball pythons
  6 bats
  8 endoplasms
  2 giant cockroaches
  6 goblins
  8 hobgoblins
  2 jackals (D:2)
  4 quokkas
  6 frilled lizards
  2 hobgoblin zombies (Ossuary)
  A jackal zombie (Ossuary)
  23 kobolds
  A kobold zombie (Ossuary)
  2 orc zombies (Ossuary)
  8 rats
  A rat zombie (Ossuary)
  A lurking horror (Abyss:2)
274 creatures vanquished.

Vanquished Creatures (collateral kills)
  A balrug (Abyss:2)
  A thrashing horror (Abyss:2)
  A smoke demon (Abyss:2)
  2 chaos spawn (Abyss:2)
  A lurking horror (Abyss:2)
6 creatures vanquished.

Vanquished Creatures (others)
  15 plants (D:5)
15 creatures vanquished.

Grand Total: 295 creatures vanquished

Notes
Turn   | Place    | Note
-------+----------+-------------------------------------------
     0 | D:1      | Borgoz the Gargoyle Berserker began the quest for the Orb.
     0 | D:1      | Reached XP level 1. HP: 14/14 MP: 1/1
   120 | D:1      | Reached XP level 2. HP: 19/19 MP: 2/2
   188 | D:1      | Found a faded altar of an unknown god.
   933 | D:2      | Reached XP level 3. HP: 17/23 MP: 3/3
  1046 | D:2      | Reached ** piety under Trog
  1689 | D:2      | Reached XP level 4. HP: 29/29 MP: 4/4
  2681 | D:3      | Reached XP level 5. HP: 30/33 MP: 5/5
  2959 | D:3      | Found a broken altar of Ashenzari.
  3526 | D:4      | Found a staircase to the Ecumenical Temple.
  3641 | D:4      | Reached XP level 6. HP: 37/39 MP: 6/6
  3807 | D:4      | Found a stormy altar of Qazlal.
  3807 | D:4      | Found a shadowy altar of Dithmenos.
  3815 | D:4      | Found a shimmering altar of Xom.
  3817 | D:4      | Found an ancient bone altar of Kikubaaqudgha.
  3819 | D:4      | Found a glowing silver altar of Zin.
  3965 | D:4      | You fall into a shaft and drop 2 floors!
  3987 | D:6      | Noticed a black bear
  4001 | D:6      | Killed a black bear
  4002 | D:6      | Reached skill level 5 in Fighting
  4002 | D:6      | Reached XP level 7. HP: 21/44 MP: 7/7
  4225 | D:6      | Found a snail-covered altar of Cheibriados.
  4250 | D:5      | Entered Level 5 of the Dungeon
  4272 | D:5      | Noticed Duvessa
  4273 | D:5      | Noticed Dowan
  4285 | D:5      | Killed Duvessa
  4318 | D:5      | Killed Dowan
  4319 | D:5      | Reached skill level 5 in Maces & Flails
  4329 | D:5      | Found a sand-covered staircase.
  4364 | Ossuary  | Entered an ossuary
  4401 | Ossuary  | Reached skill level 5 in Armour
  4628 | Ossuary  | Reached XP level 8. HP: 42/51 MP: 8/8
  4709 | D:5      | Noticed a two-headed ogre
  4722 | D:5      | Killed a two-headed ogre
  4741 | D:5      | Found a glowing drain.
  4755 | Sewer    | Entered a sewer
  5042 | D:5      | Noticed Grinder
  5069 | D:5      | Reached XP level 9. HP: 42/57 MP: 9/9
  5070 | D:5      | Killed Grinder
  5071 | D:5      | Reached skill level 5 in Dodging
  5196 | D:5      | Noticed Menkaure
  5213 | D:5      | Killed Menkaure
  5663 | D:4      | Reached *** piety under Trog
  5697 | D:4      | Noticed Natasha
  5699 | D:4      | Killed Natasha
  6126 | D:4      | Noticed Natasha
  6131 | D:4      | Killed Natasha
  6324 | D:4      | Noticed Natasha
  6336 | D:4      | Killed Natasha
  6461 | D:5      | Found a sparkling altar of Nemelex Xobeh.
  6754 | D:5      | Found a runed translucent door.
  6755 | D:5      | Noticed Crazy Yiuf
  6852 | D:5      | Killed Crazy Yiuf
  7068 | D:6      | Found a sacrificial altar of Ru.
  7163 | D:6      | Found a hide-covered altar of Uskayaw.
  7756 | D:7      | Reached XP level 10. HP: 64/64 MP: 10/10
  7878 | D:7      | Reached **** piety under Trog
  8659 | D:8      | Noticed Harold
  8667 | D:8      | Killed Harold
  8902 | D:8      | Identified the ring of the Iron Devil {rElec MP+9 Slay+3}
  9149 | D:8      | Noticed a two-headed ogre
  9154 | D:8      | Killed a two-headed ogre
  9178 | D:8      | Noticed Grum
  9190 | D:8      | Reached XP level 11. HP: 58/71 MP: 11/11
  9195 | D:8      | Killed Grum
  9256 | D:8      | Noticed Erica
  9263 | D:8      | Killed Erica
  9357 | D:8      | Found a runed translucent gate.
  9358 | D:8      | Found a runed translucent gate.
  9359 | D:8      | Found a runed translucent gate.
  9359 | D:8      | Noticed Manslay's ghost (journeyman DsCj)
  9362 | D:8      | Found a viscous altar of Jiyva.
  9381 | D:8      | Killed Manslay's ghost
  9381 | D:8      | Reached ***** piety under Trog
  9382 | D:8      | Reached skill level 10 in Fighting
  9804 | D:9      | Noticed Joseph
  9815 | D:9      | Killed Joseph
  9816 | D:9      | Reached skill level 10 in Armour
  9824 | D:9      | Found a staircase to the Orcish Mines.
 10351 | D:10     | Entered Level 10 of the Dungeon
 10351 | D:10     | Noticed a two-headed ogre
 10354 | D:10     | Noticed a death yak
 10365 | D:10     | Killed a two-headed ogre
 10376 | D:9      | Killed a death yak
 10416 | D:10     | Noticed a death yak
 10416 | D:10     | Noticed a death yak
 10416 | D:10     | Noticed a death yak
 10435 | D:9      | Killed a death yak
 10436 | D:9      | Reached skill level 10 in Maces & Flails
 10447 | D:9      | Killed a death yak
 10448 | D:9      | Reached XP level 12. HP: 78/79 MP: 12/12
 10499 | D:10     | Killed a death yak
 10649 | D:10     | Found a staircase to the Lair.
 10701 | D:10     | Noticed Sonja
 10720 | D:10     | Cast into level 2 of the Abyss (Sonja)
 10817 | Abyss:2  | Noticed a thrashing horror
 10826 | Abyss:2  | Killed a thrashing horror
 10861 | Abyss:2  | Noticed a balrug
 10877 | Abyss:2  | Killed a balrug
 10882 | Abyss:2  | Noticed a thrashing horror
 10888 | Abyss:2  | Noticed an Executioner
 10893 | Abyss:2  | HP: 1/80 [Executioner (12)]
 10894 | Abyss:2  | Mangled by an Executioner

Illustrated notes

Levels and vault maps discovered:
D:1:      scummos_arrival_forest, layout_loops_ring,
          shapermc_ecumenical_altar_gd
D:2:      layout_loops_ring
D:3:      layout_rooms, overflow_temple_1_default, amethyst_killhole,
          minmay_misc_feat_x
D:4:      layout_basic, chequers_temple_overflow_minitemple,
          minmay_temple_entry_glass, uniq_natasha
D:5:      layout_basic, mainiacjoe_overflow_brackets, portal_sewer_entry_b,
          lightli_ossuary_entry_decrepit_ruins, minmay_misc_feat_hallway,
          lexackson_kobold_supper, uniq_grinder, uniq_menkaure,
          uniq_crazy_yiuf_cottage, uniq_duvessa
D:6:      layout_basic, general_overflow_altar, overflow_temple_1_default,
          mainiacjoe_overflow_24_doors, nrook_campfire, grunt_decor_arrowhead,
          minmay_crystal_room
D:7:      layout_rooms
D:8:      layout_loops_ring, gammafunk_ghost_ooze, uniq_harold, uniq_grum,
          uniq_erica
D:9:      layout_long_grid, orc_0_dummy, uniq_joseph
D:10:     layout_small_grid, dpeg_lair_monsters, serial_shops, shop_fountains,
          uniq_sonja
Abyss:2:  base:
D:10

Skill      XL: |  1  2  3  4  5  6  7  8  9 10 11 12 |
---------------+-------------------------------------+-----
Dodging        | 2 3 4 5 7 8 |  8.6
Fighting       | 4 5 7 8 9 10 11 | 11.3
Armour         | 3 4 5 6 7 9 10 11 | 11.0
Maces & Flails | 4 5 6 7 8 10 | 10.4

Action                   |  1- 3 |  4- 6 |  7- 9 | 10-12 || total
-------------------------+-------+-------+-------+-------++-------
Melee: Mace              |   110 |   100 |       |       ||   210
       Flail             |       |    82 |   136 |       ||   218
       Dire flail        |       |       |   231 |   453 ||   684
Throw: Throwing net      |       |       |       |     1 ||     1
Invok: Berserk           |     1 |     6 |     7 |    14 ||    28
       Trog's Hand       |       |     2 |     6 |     5 ||    13
       Brothers in Arms  |       |       |       |     2 ||     2
Evoke: Wand              |       |       |     3 |     4 ||     7
  Use: Scroll            |       |       |    18 |     3 ||    21
       Potion            |       |       |     2 |     2 ||     4
 Stab: Invisible         |       |       |       |     1 ||     1
Armor: Animal skin       |    38 |    40 |       |       ||    78
       Chain mail        |       |    97 |   399 |   377 ||   873
Dodge: Dodged            |    75 |   118 |   343 |   296 ||   832
